 Dungeon Crawl Stone Soup version 0.19.1 (webtiles) character file.

4101 Jerry the Grappler (level 10, -7/98 HPs)
             Began as a Troll Monk on Dec 15, 2016.
             Mangled by a death yak (19 damage)
             ... on level 6 of the Lair of Beasts.
             The game lasted 00:27:33 (7544 turns).

Jerry the Grappler (Troll Monk)                     Turns: 7544, Time: 00:27:34

Health: -7/98      AC:  6    Str: 26    XL:     10   Next: 6%
Magic:  9/9        EV: 12    Int:  6    God:
Gold:   353        SH:  0    Dex: 15    Spells: 2 memorised, 7 levels left

rFire  . . .     SeeInvis .       - Unarmed
rCold  . . .     Gourm    +     a - +0 robe
rNeg   . . .     Faith    .     (no shield)
rPois  .         Spirit   .     (helmet restricted)
rElec  .         Reflect  .     v - +0 cloak
rCorr  +         Harm     .     (gloves unavailable)
MR     .....                    (boots unavailable)
Stlth  ++........               g - amulet of magic regeneration
                                (no ring)
                                i - ring of resist corrosion

@: mighty, very slightly contaminated
A: unfitting armour, claws 3, fast metabolism 3, gourmand, regeneration 1,
shaggy fur 1, tough skin 2
a: no special abilities


You were on level 6 of the Lair of Beasts.
You were very full.

You visited 3 branches of the dungeon, and saw 15 of its levels.

You collected 353 gold pieces.

Inventory:

Hand Weapons
 t - a +0 hunting sling
Missiles
 q - 48 sling bullets
Armour
 a - a +0 robe (worn)
 v - a +0 cloak (worn)
Jewellery
 g - an amulet of magic regeneration (around neck)
 i - a ring of resist corrosion (left claw)
 w - an uncursed ring of fire
 B - an uncursed ring of see invisible {unknown}
 E - a cursed ring of loudness {unknown}
Wands
 n - a wand of paralysis (21/24)
 C - a wand of digging (15/24)
Scrolls
 c - 7 scrolls of remove curse
 h - a scroll of identify
 u - 3 scrolls of noise
 y - 3 scrolls of amnesia {unknown}
 G - a scroll of fog {unknown}
Potions
 m - 3 potions of magic
 s - a potion of resistance {unknown}
 F - a potion of lignification {unknown}
 I - a potion of beneficial mutation {unknown}
Books
 d - a book of Conjurations

   Spells                             Type                      Level
   a - Magic Dart                     Conjuration                  1
   b - Searing Ray                    Conjuration                  2
   c - Dazzling Spray                 Conjuration/Hexes            3
   d - Fulminant Prism                Conjuration/Hexes            4
   e - Iskenderun's Mystic Blast      Conjuration                  4
   f - Iskenderun's Battlesphere      Conjuration/Charms           5
 A - a book of Cantrips

   Spells                             Type                      Level
   a - Confusing Touch                Hexes                        1
   b - Animate Skeleton               Necromancy                   1
   c - Summon Small Mammal            Summoning                    1
   d - Apportation                    Translocation                1
Comestibles
 b - 7 bread rations
 f - 6 meat rations
 x - a beef jerky


   Skills:
 - Level 6.1 Fighting
 - Level 5.0 Dodging
 - Level 1.0 Stealth
 * Level 11.3 Unarmed Combat
 - Level 2.6 Hexes
 + Level 0.4 Necromancy


You had 7 spell levels left.
You knew the following spells:

 Your Spells              Type           Power        Failure   Level  Hunger
a - Animate Skeleton      Necr           N/A          52%         1    ##.....
b - Confusing Touch       Hex            #.....       17%         1    ##.....


Dungeon Overview and Level Annotations

Branches:
Dungeon (8/15)             Temple (1/1) D:6            Lair (6/6) D:8
 Shoals (0/4) Lair:2        Snake (0/4) Lair:2
  Slime: Lair:5-6

Altars:
Ashenzari
Cheibriados
Dithmenos
Elyvilon
Fedhas
Gozag
Hepliaklqana
Kikubaaqudgha
Makhleb
Nemelex Xobeh
Okawaru
Qazlal
Sif Muna
Trog
Uskayaw
Vehumet
Xom
Yredelemnul
Zin
The Shining One

Annotations:
Lair:5 CakeIsGreat's ghost, journeyman GrEE


Innate Abilities, Weirdness & Mutations

You are too large for most types of armour.
You have claws for hands.
Your metabolism is lightning-fast.
You like to eat raw meat.
Your natural rate of healing is unusually fast.
You are covered in fur. (AC +1)
You have very tough skin. (AC +2)


Message History

The death yak bellows! x2; You hear a bellow!
The wolf barely misses you.
A catoblepas comes into view.
The catoblepas bellows!
The death yak bellows!
You hear a shout!
You hear a roar!
Found an orc skeleton and a human skeleton.
A death yak comes into view.
You mangle the plant!!
The plant is moderately damaged.
The wolf misses you.
The catoblepas moves out of view.
You scratch the death yak but do no damage.
The wolf barely misses you.
You hear a distant "Zot"!
You mangle the death yak!!
The death yak is moderately wounded.
The wolf closely misses you. The death yak gores you.
* * * LOW HITPOINT WARNING * * *
The death yak gores the plant but does no damage.
The death yak gores you!!
You die...

##..#
#...#
#...#
#.P.# .
#P.h# #..
##hh##
...รท
##hh#
.....
##h#Y...#
#@YYY.#
#.YP..##
#.........
##...#####
#.### ###


You could see 5 death yaks and 6 wolves.

Vanquished Creatures
  Joseph (D:8)
  A komodo dragon (Lair:3)
  A hippogriff (Lair:1)
  Eustachio (D:5)
  Menkaure (D:7)
  3 water moccasins
  Duvessa (D:6)
  An orc warrior (D:6)
  An ice beast (D:7)
  2 phantoms (D:6)
  A sky beast (D:7)
  A black bear (D:6)
  4 ogres
  3 wolves (Lair:2)
  3 bullfrogs
  Dowan (D:6)
  6 killer bees
  2 howler monkeys
  5 crimson imps
  A centaur zombie (D:5)
  A jelly (D:7)
  2 hounds (D:4)
  A quasit (D:6)
  2 bullfrog skeletons
  2 orc priests
  3 orc wizards
  An iguana (D:4)
  5 worker ants
  A hound zombie (D:5)
  A hound skeleton (D:7)
  7 gnolls
  5 adders
  A shadow imp (D:6)
  2 oozes
  An adder skeleton (D:6)
  6 worms
  4 dart slugs
  5 leopard geckos
  24 orcs
  6 bats
  2 giant cockroaches (D:1)
  5 goblins
  12 hobgoblins
  17 jackals
  3 quokkas
  4 frilled lizards (D:3)
  6 kobolds
  8 rats
177 creatures vanquished.

Vanquished Creatures (others)
  A fungus (Lair:6)
1 creature vanquished.

Grand Total: 178 creatures vanquished

Notes
Turn   | Place    | Note
-------+----------+-------------------------------------------
     0 | D:1      | Jerry the Troll Monk began the quest for the Orb.
     0 | D:1      | Reached XP level 1. HP: 22/22 MP: 0/0
   493 | D:1      | Reached XP level 2. HP: 22/29 MP: 1/1
  1054 | D:2      | Reached XP level 3. HP: 34/36 MP: 2/2
  1323 | D:2      | Reached skill level 4 in Unarmed Combat
  1353 | D:2      | Reached XP level 4. HP: 45/45 MP: 3/3
  1385 | D:2      | Found an iron altar of Okawaru.
  1859 | D:3      | Found a sparkling altar of Nemelex Xobeh.
  2621 | D:4      | Noticed an ogre
  2631 | D:4      | Killed an ogre
  2631 | D:4      | Reached skill level 5 in Unarmed Combat
  2631 | D:4      | Reached XP level 5. HP: 8/53 MP: 4/4
  2904 | D:4      | Reached XP level 6. HP: 48/62 MP: 5/5
  3458 | D:4      | Found an opulent altar of Gozag.
  3459 | D:4      | Found a blossoming altar of Fedhas.
  3693 | D:5      | Entered Level 5 of the Dungeon
  3696 | D:5      | Noticed Eustachio
  3922 | D:5      | Reached skill level 6 in Unarmed Combat
  3922 | D:5      | Reached XP level 7. HP: 40/70 MP: 6/6
  4124 | D:5      | Found a burning altar of Makhleb.
  4420 | D:5      | Killed Eustachio
  4485 | D:5      | Found a burning altar of Makhleb.
  4821 | D:6      | Reached skill level 7 in Unarmed Combat
  5009 | D:6      | Reached XP level 8. HP: 79/79 MP: 7/7
  5329 | D:6      | Reached skill level 5 in Fighting
  5359 | D:6      | Reached skill level 8 in Unarmed Combat
  5457 | D:6      | Reached skill level 5 in Dodging
  5465 | D:6      | Learned a level 1 spell: Animate Skeleton
  5467 | D:6      | Learned a level 1 spell: Confusing Touch
  5503 | D:6      | Noticed Dowan
  5504 | D:6      | Noticed Duvessa
  5507 | D:6      | Killed Duvessa
  5512 | D:6      | Killed Dowan
  5515 | D:6      | Reached skill level 1 in Hexes
  5615 | D:6      | Reached skill level 9 in Unarmed Combat
  5681 | D:6      | Found a staircase to the Ecumenical Temple.
  5703 | Temple   | Entered the Ecumenical Temple
  5788 | D:6      | Reached XP level 9. HP: 84/88 MP: 8/8
  6337 | D:7      | Found a shadowy altar of Dithmenos.
  6379 | D:7      | Noticed Menkaure
  6386 | D:7      | Killed Menkaure
  6571 | D:7      | Reached skill level 10 in Unarmed Combat
  6698 | D:7      | Found a hazy altar of Hepliaklqana.
  6946 | D:8      | Found a staircase to the Lair.
  6948 | D:8      | Noticed Joseph
  6970 | D:8      | Killed Joseph
  6984 | Lair:1   | Entered Level 1 of the Lair of Beasts
  7062 | Lair:2   | HP: 4/89 [water moccasin (4)]
  7071 | Lair:2   | Reached skill level 11 in Unarmed Combat
  7235 | Lair:3   | Noticed a komodo dragon
  7248 | Lair:3   | Killed a komodo dragon
  7248 | Lair:3   | Reached XP level 10. HP: 76/98 MP: 9/9
  7264 | Lair:4   | Noticed a spiny frog
  7404 | Lair:5   | Noticed CakeIsGreat's ghost (journeyman GrEE)
  7413 | Lair:6   | Entered Level 6 of the Lair of Beasts
  7464 | Lair:6   | Noticed a six-headed hydra
  7477 | Lair:6   | Noticed a spiny frog
  7484 | Lair:6   | Noticed an elephant
  7486 | Lair:6   | Noticed an elephant
  7487 | Lair:6   | Noticed an elephant
  7523 | Lair:6   | Noticed an elephant
  7523 | Lair:6   | Noticed an elephant
  7524 | Lair:6   | Noticed an elephant
  7539 | Lair:6   | Noticed a death yak
  7541 | Lair:6   | Noticed a death yak
  7541 | Lair:6   | Noticed a death yak
  7541 | Lair:6   | Noticed a death yak
  7541 | Lair:6   | Noticed a catoblepas
  7542 | Lair:6   | Noticed a death yak
  7544 | Lair:6   | Mangled by a death yak

Skill      XL: |  1  2  3  4  5  6  7  8  9 |
---------------+----------------------------+-----
Fighting       | 3 4 5 6 |  6.1
Unarmed Combat | 4 5 6 7 9 11 | 11.3
Dodging        | 3 4 5 |  5.0
Hexes          | 1 2 |  2.6
Stealth        | |  1.0
Necromancy     | |  0.4

Action                   |  1- 3 |  4- 6 |  7- 9 | 10-12 || total
-------------------------+-------+-------+-------+-------++-------
Melee: Unarmed           |   100 |   166 |   306 |    13 ||   585
       Punch             |     1 |       |    12 |     1 ||    14
 Fire: Hunting sling     |       |     5 |     3 |       ||     8
 Cast: Confusing Touch   |       |       |     5 |     4 ||     9
Evoke: Wand              |       |       |     1 |       ||     1
  Use: Potion            |       |       |     7 |     1 ||     8
       Scroll            |       |       |    12 |     3 ||    15
 Stab: Sleeping          |     3 |     6 |     1 |       ||    10
       Distracted        |       |       |     1 |       ||     1
       Confused          |       |       |     3 |       ||     3
       Paralysed         |       |       |     2 |       ||     2
  Eat: Chunk             |    18 |    20 |    34 |     2 ||    74
Armor: Robe              |    22 |    30 |    89 |     4 ||   145
Dodge: Dodged            |    34 |    86 |   211 |    13 ||   344
